AoeStats
← bigusdickus

Arabian Desert

509809979Analyzed
1v1 RM · 4d ago on Sep 28, 2026· 47m 13s· 2 players
Game mode
Random Map
Map size
Tiny (2 player)
Population
200
Speed
Normal
Resources
Standard
Victory
Conquest
Starting age
Dark Age
Ending age
Imperial Age
RankedLock teamsTeams togetherTeam positionsShared explorationLock speedFull tech treeHidden civsTurbo modeCheats
Victory
Defeat
🇦🇷 Aztecs · Argentina
574
+8
🇳🇿 Poles · New Zealand
393
-8
bigusdickus
0:34 Loom
15:47 Feudal Age
17:39 Wheelbarrow
16:50 Town Watch
17:49 Wheelbarrow
19:39 Horse Collar
20:03 Double-Bit Axe
20:13 Arson
19:49 Man-at-Arms
28:20 Castle Age
26:18 Fletching
26:30 Padded Archer Armor
30:11 Town Patrol
31:39 Long Swordsman
32:20 Squires
39:05 Gold Mining
44:11 Pikeman
47:14 Forging
Jaero King
0:27 Loom
11:23 Feudal Age
11:55 Town Watch
12:46 Wheelbarrow
11:56 Horse Collar
12:06 Double-Bit Axe
18:44 Man-at-Arms
23:03 Castle Age
22:14 Forging
23:37 Scale Mail Armor
23:08 Long Swordsman
26:49 Gambesons
29:38 Hand Cart
32:17 Murder Holes
36:24 Town Patrol
36:45 Pikeman
38:28 Fervor
39:16 Iron Casting
38:57 Chain Mail Armor
39:09 Ballistics
43:50 Imperial Age
44:32 Sanctity
45:03 Conscription
46:01 Two-Handed Swordsman
Connection lost

Rejoining the realm…

Still unreachable

The connection could not be restored.

Session expired

The server has moved on; the page needs a fresh start.